 Dungeon Crawl Stone Soup version 0.25-a0-544-gee0576305d (webtiles) character file.

Game seed: 14645458595353051909, levelgen mode: classic

26005 EnegeticOcto the Champion of Chaos (level 12, -11/116 HPs)
             Began as a Deep Dwarf Fighter on Feb 20, 2020.
             Was the Champion of Makhleb.
             Killed from afar by a rime drake (22 damage)
             ... with a flash freeze
             ... summoned by a black draconian stormcaller
             ... on level 3 of the Abyss.
             The game lasted 00:08:53 (10109 turns).

EnegeticOcto the Champion of Chaos (DDFi)          Turns: 10109, Time: 00:08:54

Health: -11/116    AC: 13    Str: 24      XL:     12   Next: 94%
Magic:  9/9        EV:  9    Int: 12 (13) God:    Makhleb [******]
Gold:   754        SH: 13    Dex: 12      Spells: 11/11 levels left

rFire    + . .     SeeInvis .   a - +1 war axe
rCold    . . .     Gourm    .   c - +1 kite shield
rNeg     . . .     Faith    .   G - +0 plate armour
rPois    .         Spirit   .   (no helmet)
rElec    .         Reflect  .   (no cloak)
rCorr    .         Harm     +   j - +0 pair of gloves
MR       +....                  E - +2 pair of boots of Eternal Night {*Drain Int+3 Stlth+}
Stlth    ..........             b - amulet of Anecot {Harm *Drain *Slow Slay+6}
HPRegen  0.00/turn              x - ring of protection from fire
MPRegen  0.11/turn              (no ring)

@: non-regenerating
A: damage resistance, heal wounds, [deformed body], sense surroundings 2, no
regeneration
a: Heal Wounds, Minor Destruction, Lesser Servant of Makhleb, Major Destruction,
Greater Servant of Makhleb, Renounce Religion


You were on level 3 of the Abyss.
You worshipped Makhleb.
Makhleb was exalted by your worship.
You were hungry.

You visited 2 branches of the dungeon, and saw 15 of its levels.
You visited the Abyss 1 time.
You also visited: Sewer and Ossuary.

You collected 754 gold pieces.

Inventory:

Hand Weapons
 a - a +1 war axe (weapon)
Missiles
 u - 7 throwing nets (quivered)
Armour
 c - a +1 kite shield (worn)
 j - a +0 pair of gloves (worn)
 E - the +2 pair of boots of Eternal Night (worn) {*Drain Int+3 Stlth+}
   (You found it on level 10 of the Dungeon)

   It affects your intelligence (+3).
   It causes draining when unequipped.
   It makes you more stealthy.
   If you remove this armour, your AC will decrease by 3 (13 -> 10).
 G - a +0 plate armour (worn)
Jewellery
 b - the amulet of Anecot (around neck) {Harm *Drain *Slow Slay+6}
   (You found it on level 9 of the Dungeon)

   [amulet of harm]

   It increases damage dealt and taken.
   It affects your accuracy and damage with ranged weapons and melee attacks
   (+6).
   It causes draining when unequipped.
   It may slow you when you take damage.
 q - an uncursed amulet of regeneration {unknown}
 x - a ring of protection from fire (left hand)
 C - an uncursed ring of protection from magic {unknown}
 L - an uncursed amulet of faith {unknown}
Wands
 m - a wand of iceblast (31)
 p - a wand of polymorph (6)
 r - a wand of acid (7) {@v1}
 t - a wand of digging (3) {@v2}
 I - a wand of scattershot (13)
Scrolls
 g - 4 scrolls of fog
 h - 4 scrolls of fear
 l - 2 scrolls of enchant armour
 o - 7 scrolls of immolation {@r4}
 y - 6 scrolls of remove curse {@r6}
 F - 3 scrolls of enchant weapon
 H - 2 scrolls of identify {@r1}
 J - a scroll of magic mapping {@r5}
Potions
 d - 2 potions of heal wounds {@q2}
 f - 5 potions of curing {@q1}
 i - 2 potions of ambrosia
 k - 7 potions of might {@q3}
 n - 6 potions of haste {@q4}
 v - 3 potions of flight {unknown}
 w - 3 potions of magic {unknown}
 z - 3 potions of stabbing {unknown}
 A - 3 potions of lignification {unknown}
 B - 2 potions of invisibility {unknown}
 D - 2 potions of cancellation {unknown}
 K - a potion of berserk rage
Comestibles
 e - 26 rations


   Skills:
 * Level 10.2 Fighting
 * Level 11.7 Axes
 + Level 9.1 Armour
 + Level 8.2 Dodging
 + Level 9.0 Shields
 * Level 12.2 Invocations


You had 11 spell levels left.
You didn't know any spells.
Your spell library was empty.

Dungeon Overview and Level Annotations

Branches:
Dungeon (14/15)            Temple (1/1) D:5            Lair (0/6) D:8
    Orc (0/2) D:9           Sewer (visited)         Ossuary (visited)
 Vaults: D:13-14

Altars:
Ashenzari
Cheibriados
Dithmenos
Elyvilon
Fedhas
Gozag
Hepliaklqana
Kikubaaqudgha
Makhleb
Nemelex Xobeh
Okawaru
Qazlal
Ru
Sif Muna
Trog
Vehumet
Xom
Yredelemnul
Zin
The Shining One

Shops:
D:9 [   D:12 }

Annotations:
D:6 1 runed translucent door, Grizz's ghost, novice MiFi
D:9 1 exclusion
D:14 Louise


Innate Abilities, Weirdness & Mutations

You are resistant to damage.
You can heal yourself by infusing magical energy.
You passively map the area around you.
You do not regenerate.
[Armour fits poorly on your strangely shaped body.]


Message History

The death drake bites you but does no damage.
The draconian hits something with a +0 short sword!
The black draconian stormcaller hits you with a +0 rapier.
* * * LOW HITPOINT WARNING * * *
You hear a roar!
You feel much better.
You block the quicksilver dragon's attack.
The quicksilver dragon claws you.
The death drake bites you but does no damage.
You block the quicksilver dragon's attack.
The quicksilver dragon claws you!
* * * LOW HITPOINT WARNING * * *
You feel much better.
The black draconian stormcaller hits you with a +0 rapier.
The quicksilver dragon breathes dispelling energy at you.
The bolt of dispelling energy hits you!!
* * * LOW HITPOINT WARNING * * *
You block the death drake's attack.
You feel much better. The quicksilver dragon bites you.
The quicksilver dragon claws you but does no damage.
You block the death drake's attack.
The black draconian stormcaller calls down the wrath of Qazlal upon you.
Qazlal smites you!
* * * LOW HITPOINT WARNING * * *
The quicksilver dragon bites you.
The quicksilver dragon barely misses you.
The draconian chortles and stares into space.
The draconian misses something.
The draconian hits itself but does no damage.
The death drake barely misses you.
You are too injured to fight recklessly!
You are too injured to fight recklessly!
You are too injured to fight recklessly!
You are too injured to fight recklessly!
You are too injured to fight recklessly!
You feel much better.
You block the black draconian stormcaller's attack.
The quicksilver dragon bites you! The quicksilver dragon claws you.
You block the death drake's attack.
A demon appears!
The quicksilver dragon closely misses you.
The quicksilver dragon claws you!
* * * LOW HITPOINT WARNING * * *
You block the black draconian stormcaller's attack.
The death drake bites you.
* * * LOW HITPOINT WARNING * * *
The quicksilver dragon bites you!
* * * LOW HITPOINT WARNING * * *
You block the quicksilver dragon's attack.
The draconian hits the wind drake with a +0 short sword!
You feel much better. You block the death drake's attack.
The quicksilver dragon bites you! The quicksilver dragon claws you.
Send 'em back where they came from!
Your ynoxinul shudders.
Your ynoxinul hits the wind drake!
Your magical essence is drained by the effort!
You feel much better.
You block the quicksilver dragon's attack.
The quicksilver dragon claws you!
The death drake bites you but does no damage.
The wind drake flaps its wings at you. The air twists around and strikes you.
The black draconian stormcaller hits you but does no damage.
The quicksilver dragon bites you but does no damage.
The quicksilver dragon claws you. You block the death drake's attack.
The draconian barely misses something.
The draconian barely misses itself.
Your ynoxinul hits the wind drake.
You feel much better.
The quicksilver dragon breathes dispelling energy at you.
The bolt of dispelling energy hits you!!
* * * LOW HITPOINT WARNING * * *
The black draconian stormcaller mumbles some strange prayers to Qazlal.
You block the death drake's attack.
Your ynoxinul gestures.
You are too injured to fight recklessly!
You are too injured to fight recklessly!
You are too injured to fight recklessly!
You are too injured to fight recklessly!
You are too injured to fight recklessly!
You are too injured to fight recklessly!
You are too injured to fight recklessly!
You are too injured to fight recklessly!
You are too injured to fight recklessly!
You are too injured to fight recklessly!
You slash the black draconian stormcaller!
The black draconian stormcaller is moderately wounded.
You miss the quicksilver dragon. You closely miss the death drake.
The death drake disappears in a puff of smoke!
The wind drake disappears in a puff of smoke!
The quicksilver dragon barely misses you.
The quicksilver dragon claws you!
* * * LOW HITPOINT WARNING * * *
The black draconian stormcaller hits you with a +0 rapier.
* * * LOW HITPOINT WARNING * * *
The quicksilver dragon barely misses you.
The quicksilver dragon claws you!
* * * LOW HITPOINT WARNING * * *
The rime drake breathes ice at you. The flash freeze hits you!!
You die...

. . ... .
#### # # #.
..##. . ..#
##.
#.###.##... .
#
##.###......
####. ......#
####©.©## ###
##### ..#
####### .....
#..k.@# ....
+.k©qDd5d...#
#...lk#35....
########....#
+φ+ ##.## ##
.# .


You could see a quicksilver dragon, a black draconian stormcaller, 2 death
drakes, a draconian, a komodo dragon, a rime drake, a friendly ynoxinul and 2
friendly ufetubi.

Vanquished Creatures
  A tentacled starspawn (Abyss:3)
  Harold (D:7)
  2 hydras
  Erolcha (D:11)
  6 two-headed ogres
  A tengu warrior (D:8)
  Nergalle (D:10)
  A glowing orange brain (Abyss:3)
  2 cyclopes
  A deep elf mage (D:12)
  A draconian (Abyss:3)
  Joseph (D:7)
  Maggie (D:9)
  2 large abominations (Abyss:3)
  A komodo dragon (D:12)
  A gargoyle (D:10)
  5 trolls
  A hornet (D:10)
  A slime creature (D:8)
  2 hippogriffs
  A vampire (D:11)
  A wyvern (D:13)
  17 yaks
  A basilisk (D:11)
  A steam dragon (D:12)
  2 hungry ghosts
  A naga (Abyss:3)
  An acid dragon (D:8)
  A black bear (D:10)
  4 ice beasts
  5 orc warriors
  A sky beast (D:5)
  A hornet zombie (D:12)
  2 eyes of draining
  4 ogres
  3 centaurs
  6 big kobolds
  3 elf zombies (Ossuary)
  2 gnoll sergeants (D:9)
  4 bullfrogs
  A wyvern zombie (D:13)
  6 scorpions
  4 killer bees (D:8)
  3 howler monkeys
  7 wights
  An electric eel (D:9)
  7 crimson imps
  5 bullfrog zombies
  2 centaur zombies
  2 human zombies (Ossuary)
  3 quasits
  2 gnoll shamans (D:9)
  9 orc priests
  4 centaur skeletons
  7 hounds
  4 jellies
  15 orc wizards
  4 bullfrog skeletons
  5 iguanas
  Ijyb (D:4)
  11 worker ants
  4 big kobold zombies (Ossuary)
  3 hound skeletons (D:5)
  2 mummies (Ossuary)
  2 worker ant zombies
  A howler monkey zombie (D:6)
  15 gnolls
  2 howler monkey skeletons (D:5)
  11 adders
  7 river rats (Sewer)
  3 shadow imps
  2 oozes
  An adder skeleton (D:7)
  3 adder zombies
  3 worms
  5 leopard geckos
  41 orcs
  6 giant cockroaches
  A goblin (D:1)
  2 hobgoblins
  13 jackals
  2 quokkas
  7 ball pythons
  A ball python skeleton (D:4)
  3 bats
  3 frilled lizards
  A giant cockroach zombie (D:5)
  9 hobgoblin zombies (Ossuary)
  4 jackal zombies
  34 kobolds
  7 kobold zombies (Ossuary)
  A leopard gecko skeleton (D:7)
  8 orc zombies (Ossuary)
  2 quokka skeletons
  A quokka zombie (D:6)
  24 rats
431 creatures vanquished.

Vanquished Creatures (others)
  A shadow wraith (Abyss:3)
  A ynoxinul (Abyss:3)
  A neqoxec (Abyss:3)
  3 starspawn tentacles (Abyss:3)
6 creatures vanquished.

Grand Total: 437 creatures vanquished

Notes
Turn   | Place    | Note
-------+----------+-------------------------------------------
     0 | D:1      | EnegeticOcto the Deep Dwarf Fighter began the quest for the
                  | Orb.
     0 | D:1      | Reached XP level 1. HP: 20/20 MP: 1/1
   207 | D:2      | Reached XP level 2. HP: 22/27 MP: 2/2
   272 | D:2      | Noticed a crimson imp
   449 | D:4      | Noticed Ijyb
   459 | D:4      | Killed Ijyb
   459 | D:4      | Reached skill level 1 in Dodging
   459 | D:4      | Reached XP level 3. HP: 17/34 MP: 3/3
   485 | D:4      | Reached XP level 4. HP: 32/42 MP: 4/4
   627 | D:4      | Reached XP level 5. HP: 39/49 MP: 5/5
   680 | D:4      | Found a shimmering altar of Xom.
   812 | D:4      | Found a glowing drain.
   849 | Sewer    | Entered a sewer
   875 | Sewer    | Reached XP level 6. HP: 31/57 MP: 6/6
  1415 | D:4      | Reached XP level 7. HP: 38/66 MP: 7/7
  1635 | D:4      | Reached skill level 5 in Axes
  1684 | D:5      | Entered Level 5 of the Dungeon
  1785 | D:5      | Found an ancient bone altar of Kikubaaqudgha.
  1869 | D:5      | Reached skill level 5 in Fighting
  1869 | D:5      | Reached skill level 5 in Armour
  1882 | D:5      | Found a staircase to the Ecumenical Temple.
  1947 | Temple   | Entered the Ecumenical Temple
  2043 | Temple   | Became a worshipper of Makhleb the Destroyer
  2203 | D:5      | Found a sand-covered staircase.
  2207 | Ossuary  | Entered an ossuary
  2272 | Ossuary  | Reached * piety under Makhleb
  2283 | Ossuary  | Reached skill level 1 in Invocations
  2288 | Ossuary  | Reached skill level 5 in Shields
  2288 | Ossuary  | Reached XP level 8. HP: 62/74 MP: 6/8
  2320 | Ossuary  | Reached skill level 2 in Invocations
  2492 | D:5      | Reached skill level 3 in Invocations
  3309 | D:6      | Found a bloodstained altar of Trog.
  3343 | D:6      | Found a runed translucent door.
  3343 | D:6      | Noticed Grizz's ghost (novice MiFi)
  3368 | D:6      | Reached skill level 4 in Invocations
  3442 | D:6      | Reached ** piety under Makhleb
  3648 | D:6      | Found a snail-covered altar of Cheibriados.
  3990 | D:7      | Noticed Joseph
  4020 | D:7      | Gained mutation: You passively map the area around you.
                  | [Deep Dwarf growth]
  4020 | D:7      | Reached XP level 9. HP: 57/82 MP: 10/10
  4026 | D:7      | Killed Joseph
  4026 | D:7      | Reached skill level 5 in Invocations
  4093 | D:7      | Noticed Harold
  4118 | D:7      | Killed Harold
  4118 | D:7      | Reached skill level 6 in Invocations
  4538 | D:8      | Reached skill level 5 in Dodging
  4584 | D:8      | Reached *** piety under Makhleb
  4607 | D:8      | Reached XP level 10. HP: 86/94 MP: 3/13
  4630 | D:8      | Reached skill level 7 in Invocations
  4706 | D:8      | Noticed a tengu warrior
  4736 | D:8      | Killed a tengu warrior
  4838 | D:8      | Found an iron altar of Okawaru.
  4906 | D:8      | Found a staircase to the Lair.
  5081 | D:8      | Reached **** piety under Makhleb
  5359 | D:8      | Reached skill level 8 in Invocations
  5696 | D:9      | Got a smoking iron amulet
  5735 | D:9      | Noticed Maggie
  5748 | D:9      | Killed Maggie
  6180 | D:9      | Found Senuhes's Armour Shop.
  6207 | D:9      | Noticed a two-headed ogre
  6223 | D:9      | Killed a two-headed ogre
  6223 | D:9      | Reached XP level 11. HP: 102/103 MP: 13/13
  6457 | D:9      | Reached skill level 9 in Invocations
  6465 | D:9      | Reached ***** piety under Makhleb
  6557 | D:10     | Entered Level 10 of the Dungeon
  6726 | D:10     | Noticed a two-headed ogre
  6736 | D:10     | Killed a two-headed ogre
  6782 | D:10     | Noticed Nergalle
  6808 | D:10     | Killed Nergalle
  6840 | D:10     | Got a pair of heavily runed boots
  6851 | D:10     | Identified the +2 pair of boots of Eternal Night {*Drain
                  | Int+3 Stlth+} (You found it on level 10 of the Dungeon)
  6852 | D:10     | Identified the amulet of Anecot {Harm *Drain *Slow Slay+6}
                  | (You found it on level 9 of the Dungeon)
  7310 | D:11     | Noticed Erolcha
  7315 | D:11     | Killed Erolcha
  7315 | D:11     | Reached skill level 10 in Axes
  7492 | D:11     | Reached skill level 10 in Invocations
  7514 | D:11     | Noticed a two-headed ogre
  7523 | D:11     | Killed a two-headed ogre
  7633 | D:11     | Noticed a five-headed hydra
  7645 | D:11     | Killed a nine-headed hydra
  7806 | D:11     | Noticed a two-headed ogre
  7812 | D:11     | Killed a two-headed ogre
  7949 | D:12     | Noticed Nessos
  7951 | D:12     | Noticed a two-headed ogre
  7956 | D:12     | Killed a two-headed ogre
  7961 | D:12     | Noticed Nessos
  7961 | D:12     | Nessos changed into Nessos the komodo dragon
  7989 | D:12     | Killed Nessos the komodo dragon
  8006 | D:12     | Noticed a deep elf mage
  8014 | D:12     | Reached XP level 12. HP: 67/114 MP: 15/15
  8112 | D:12     | Noticed a two-headed ogre
  8119 | D:12     | Killed a two-headed ogre
  8119 | D:12     | Reached skill level 11 in Invocations
  8517 | D:12     | Found Fekhestu's Gadget Shoppe.
  9218 | D:13     | Reached ****** piety under Makhleb
  9556 | D:13     | Noticed a four-headed hydra
  9567 | D:13     | Killed an eight-headed hydra
  9826 | D:14     | Noticed Louise
  9828 | D:14     | Noticed a four-headed hydra
  9835 | D:14     | Cast into level 3 of the Abyss (Louise)
  9963 | Abyss:3  | Reached skill level 10 in Fighting
  9972 | Abyss:3  | Reached skill level 12 in Invocations
  9998 | Abyss:3  | Noticed a tentacled starspawn
 10000 | Abyss:3  | Noticed a hellephant
 10005 | Abyss:3  | Killed a tentacled starspawn
 10046 | Abyss:3  | Found a corrupted altar of Lugonu.
 10062 | Abyss:3  | Found a transporter.
 10071 | Abyss:3  | Noticed a black draconian stormcaller
 10081 | Abyss:3  | Noticed a quicksilver dragon
 10109 | Abyss:3  | Killed from afar by a rime drake

Levels and vault maps discovered:
D:1:      mrwooster_arrival_statue_2, layout_basic, moated_statue,
          minmay_misc_feat_x
D:2:      layout_rooms, nicolae_overflow_crystal_walls
D:3:      layout_rooms, overflow_temple_1_default, first_ration,
          chequers_ecumenical_altar_island
D:4:      layout_cave_pods, portal_sewer_entry_c, led_xom_imps, uniq_ijyb
D:5:      layout_basic, kiku_gazebo_pond_becter, minmay_temple_entry_junction,
          enter_ossuary_5, serial_undead, serial_undead_d, serial_undead_c,
          serial_undead_e, serial_undead_d
D:6:      layout_loops_ring, slow_altar_2, bloody_trog,
          ebering_ghost_reflecting_pool
D:7:      layout_loops_ring, uniq_harold, uniq_joseph
D:8:      minmay_the_grid_octo_2x2 [minmay_the_grid_octo_checkered,
          minmay_the_grid_octo_pinwheel, minmay_the_grid_octo_fan_narrow,
          minmay_the_grid_octo_prize_ultimate_mussel_roller], layout_basic,
          old_standard_altar, dpeg_oklobed_lair
D:9:      minmay_evil_eye, layout_cave_pools, erik_orc_2, serial_gnoll_camp,
          gnoll_camp_mini_hut, gnoll_camp_medium_01, gnoll_camp_mini_hut,
          gnoll_camp_mini_loothouse, serial_shops, shop, uniq_maggie
D:10:     layout_long_grid, uniq_nergalle
D:11:     layout_roguey, kennysheep_generic_room_11, uniq_erolcha
D:12:     layout_loops_cross, serial_co_window_serial, co_window_corner_a,
          co_window_paths_a, co_window_paths_b, co_window_paths_a,
          co_window_paths_a, co_window_corner_a, co_window_cross_1,
          co_window_unsneaky_path_a, co_window_unsneaky_path_e,
          co_window_broadway_c, co_window_4corner_b, co_window_paths_e,
          glass_columns_a, serial_shops, nicolae_shop_crystal, uniq_nessos
D:13:     layout_irregular_city
D:14:     layout_cross, erik_vaults_1, infiniplex_staircase_pool, uniq_louise
Temple:   minmay_temple_bridge_d
Abyss:3:  base: D:9, hangedman_abyss_or_decor_stabs, hangedman_illusive_loot,
          dshaligram_kb_abyss_rune_zappy_water_cross, minivault_28,
          hangedman_illusive_loot, evilmike_abyss_rune_siren_acolytes,
          gammafunk_abyss_rune_reverse_zot

Skill      XL: |  1  2  3  4  5  6  7  8  9 10 11 12 |
---------------+-------------------------------------+-----
Fighting       | 3 4 5 6 7 8 9 10 | 10.2
Dodging        | 1 2 3 4 5 6 7 8 |  8.2
Axes           | 3 4 5 6 8 9 10 11 | 11.7
Armour         | 4 5 6 7 8 9 |  9.1
Shields        | 4 5 6 7 8 9 |  9.0
Invocations    | 1 4 6 8 10 12 | 12.2

Action                   |  1- 3 |  4- 6 |  7- 9 | 10-12 || total
-------------------------+-------+-------+-------+-------++-------
Melee: War axe           |    77 |   200 |   583 |   807 ||  1667
       Unarmed           |       |       |       |    16 ||    16
Invok: Lesser Servant of |       |       |       |     1 ||     1
 Abil: Heal Wounds       |     1 |     2 |    15 |    44 ||    62
Evoke: Wand              |       |       |       |     7 ||     7
       Phantom mirror    |       |       |       |     2 ||     2
  Use: Scroll            |       |       |    12 |     9 ||    21
       Potion            |       |       |     4 |     4 ||     8
 Stab: Confused          |       |       |       |     2 ||     2
  Eat: Chunk             |       |     2 |     9 |    22 ||    33
       Ration            |       |       |     1 |       ||     1
Armor: Scale mail        |    32 |    97 |   183 |    54 ||   366
       Plate armour      |       |       |       |   322 ||   322
       Skin              |       |       |       |     3 ||     3
Dodge: Dodged            |    36 |    82 |   187 |   277 ||   582
Block: Kite shield       |    42 |   115 |   272 |   578 ||  1007

Table legend:
 A = Non-vault XP
 B = Vault XP
 C = Vault XP percentage of total XP
 D = Non-vault monster count
 E = Vault monster count
 F = Vault count percentage of total count
                 A         B        C        D         E       F
            +---------+---------+-------+---------+---------+-------
      Total |   27676 |    9474 |  25.5 |     263 |     171 |  39.4
            +---------+---------+-------+---------+---------+-------
        D:1 |      11 |       0 |   0.0 |       7 |       0 |   0.0
        D:2 |      16 |       0 |   0.0 |       8 |       0 |   0.0
        D:3 |       5 |       0 |   0.0 |       2 |       0 |   0.0
        D:4 |     224 |     253 |  53.0 |      20 |       9 |  31.0
        D:5 |     660 |     107 |  14.0 |      20 |       7 |  25.9
        D:6 |     472 |       5 |   1.0 |      29 |       1 |   3.3
        D:7 |     276 |    1488 |  84.4 |      10 |       2 |  16.7
        D:8 |    1874 |    2197 |  54.0 |      46 |      19 |  29.2
        D:9 |    1291 |    1588 |  55.2 |       8 |      39 |  83.0
       D:10 |    2074 |     812 |  28.1 |      14 |       1 |   6.7
       D:11 |    5134 |    1037 |  16.8 |      27 |       2 |   6.9
       D:12 |    5712 |     329 |   5.4 |      35 |       1 |   2.8
       D:13 |    5592 |       0 |   0.0 |      30 |       0 |   0.0
       D:14 |      32 |       0 |   0.0 |       1 |       0 |   0.0
    Abyss:3 |    4303 |     730 |  14.5 |       6 |       3 |  33.3
      Sewer |       0 |     340 | 100.0 |       0 |      48 | 100.0
    Ossuary |       0 |     588 | 100.0 |       0 |      39 | 100.0
            +---------+---------+-------+---------+---------+-------
